 Dungeon Crawl Stone Soup version 0.31-a0-271-gb88eb75e06 (webtiles) character file.

Game seed: 15862647166674619850

121970 Newt the Crack Shot (level 17, 0/95 HPs)
             Began as a Kobold Hunter on July 14, 2023.
             Was the Champion of Hepliaklqana.
             Engulfed by a death drake's foul pestilence (23 damage)
             ... on level 4 of the Swamp.
             The game lasted 00:53:05 (31350 turns).

Newt the Crack Shot (Kobold Hunter)                Turns: 31350, Time: 00:53:06

Health: 0/95       AC: 16    Str:  9    XL:     17   Next: 41%
Magic:  33/33      EV: 27    Int: 12    God:    Hepliaklqana [******]
Gold:   2413       SH:  0    Dex: 32    Spells: 16/16 levels left

rFire   . . .        a - +1 shortbow
rCold   . . .        (shield currently unavailable)
rNeg    + . .        X - +0 swamp dragon scales
rPois   +            g - +3 hat of Pondering {ponderous, Will+ MP+10 Int+5}
rElec   .            t - +0 cloak
rCorr   .            (no gloves)
SInv    +            e - +0 pair of boots
Will    +++..        F - amulet of regeneration
Stlth   ++++++       R - +6 ring of dexterity
HPRegen 1.15/turn    P - ring "Hocker" {rN+ Will+ Int-5 Dex+2}
MPRegen 0.23/turn

%: no passive effects
@: lethally poisoned (0 -> 0), slowed, studying Shields, very slow
A: reduced essence, small, no large weapons, nightstalker 3, see invisible,
mutation resistance 1
a: Renounce Religion, Recall Ancestor, Ancestor Identity, Transference, Idealise


You were on level 4 of the Swamp.
You worshipped Hepliaklqana.
Hepliaklqana was exalted by your worship.
You visited 5 branches of the dungeon, and saw 27 of its levels.
You also visited: Sewer, Bailey and Ice Cave.

You collected 2927 gold pieces.
You spent 514 gold pieces at shops.

Inventory:

Hand Weapons
 a - a +1 shortbow (weapon)
Armour
 c - a +3 troll leather armour
 e - a +0 pair of boots (worn)
 g - the +3 hat of Pondering (worn) {ponderous, Will+ MP+10 Int+5}
   (You took it off Gastronok on level 8 of the Dungeon)

   Int:       It affects your intelligence (+5).
   MP:        It affects your magic capacity (+10).
   Will:      It increases your willpower.
 t - a +0 cloak (worn)
 X - +0 swamp dragon scales (worn)
Jewellery
 b - an amulet of magic regeneration
 d - a ring of positive energy
 j - a ring of willpower
 k - a +4 ring of protection
 w - a ring of willpower
 C - a ring of willpower
 E - a ring of wizardry
 F - an amulet of regeneration (around neck)
 H - a ring of willpower
 O - a ring of resist corrosion
 P - the ring "Hocker" (right hand) {rN+ Will+ Int-5 Dex+2}
   (You found it on level 5 of the Lair of Beasts)

   [ring of positive energy]

   Int:       It affects your intelligence (-5).
   Dex:       It affects your dexterity (+2).
   rN:        It protects you from negative energy.
   Will:      It increases your willpower.
 Q - a ring of protection from cold
 R - a +6 ring of dexterity (left hand)
 S - a ring of wizardry
Wands
 i - a wand of light (9)
 l - a wand of paralysis (29)
 y - a wand of roots (20)
 N - a wand of flame (31) (quivered)
 V - a wand of mindburst (4)
 Y - a wand of polymorph (6)
Scrolls
 m - 8 scrolls of enchant weapon
 o - a scroll of brand weapon
 p - a scroll of enchant armour
 r - 3 scrolls of poison
 u - 4 scrolls of teleportation
 x - a scroll of fog
 A - a scroll of silence
 D - 3 scrolls of vulnerability
 I - 10 scrolls of identify
 K - a scroll of amnesia
 M - 2 scrolls of revelation
 U - a scroll of summoning
 W - 3 scrolls of fear
Potions
 f - 2 potions of berserk rage
 h - 2 potions of mutation
 n - 7 potions of enlightenment
 q - a potion of invisibility
 s - 3 potions of magic
 z - a potion of might
 B - 6 potions of brilliance
 J - a potion of lignification
 L - 8 potions of curing
 T - a potion of cancellation
 Z - 5 potions of ambrosia
Miscellaneous
 v - a condenser vane
 G - a phantom mirror


   Skills:
 - Level 12.0 Fighting
 + Level 22.4 Ranged Weapons
 - Level 10.0 Armour
 - Level 14.0 Dodging
 - Level 10.0 Stealth
 - Level 9.0 Invocations
 - Level 12.9 Evocations


You had 16 spell levels left.
You didn't know any spells.
Your spell library contained the following spells:

 Spells                   Type           Power      Damage    Failure   Level
 Magic Dart               Conj           0%         1d3       58%         1
 Sandblast                Erth           0%         2d4       58%         1
 Summon Small Mammal      Summ           0%         N/A       58%         1
 Passwall                 Tmut/Erth      0%         N/A       75%         2
 Searing Ray              Conj           0%         2d4       75%         2
 Sublimation of Blood     Necr           0%         N/A       75%         2
 Call Canine Familiar     Summ           0%         N/A       92%         3
 Hailstorm                Conj/Ice       0%         3d3       92%         3
 Stone Arrow              Conj/Erth      0%         3d7       92%         3
 Summon Guardian Golem    Hex/Summ       0%         N/A       92%         3
 Animate Dead             Necr           0%         N/A       100%        4
 Fulminant Prism          Conj/Hex       0%         3d5       100%        4
 Petrify                  Tmut/Erth      0%         N/A       100%        4
 Summon Ice Beast         Ice/Summ       0%         N/A       100%        4
 Irradiate                Conj/Tmut      0%         3d11      100%        5
 Simulacrum               Ice/Necr       0%         N/A       100%        6
 Haunt                    Necr/Summ      0%         N/A       100%        7
 Malign Gateway           Summ/Tloc      0%         N/A       100%        7
 Infestation              Necr           0%         N/A       100%        8
 Summon Horrible Things   Summ           0%         N/A       100%        8


Dungeon Overview and Level Annotations

Branches:
Dungeon (15/15)            Temple (1/1) D:6            Lair (5/5) D:8
  Swamp (4/4) Lair:2       Spider (0/4) Lair:2        Slime (0/5) Lair:5
    Orc (2/2) D:12            Elf (0/3) Orc:2        Vaults (0/5) D:13
  Sewer (visited)          Bailey (visited)           IceCv (visited)
 Depths: D:15

Altars:
Ashenzari
Cheibriados
Dithmenos
Elyvilon
Fedhas
Gozag
Hepliaklqana
Makhleb
Nemelex Xobeh
Sif Muna
Xom
Zin
The Shining One
Jiyva

Shops:
D:8 ?   D:10 =   Orc:2 **[(=


Innate Abilities, Weirdness & Mutations

Your life essence is reduced to manifest your ancestor. (-10% HP)
You are small and have problems with some larger weapons.
You are completely attuned to the shadows.
You have supernaturally acute eyesight. (SInv)
You are somewhat resistant to further mutation.


Message History

Henutemipet burns the necrophage.
The necrophage is destroyed!
The ghoul claws Henutemipet! x2
You shoot an arrow. The arrow hits the ghoul!
The ghoul is severely damaged.
You hear an angry hiss.
A death drake comes into view.
The ghoul claws you! The ghoul closely misses you.
Unknown command.
You shoot an arrow. The arrow hits the ghoul.
The ghoul is severely damaged.
Henutemipet hits the ghoul with a +0 broad axe of flaming.
Henutemipet burns the ghoul.
Unknown command.
You enter the shallow water.
Moving in this stuff is going to be slow.
Henutemipet blocks the ghoul's attack.
The ghoul claws Henutemipet!
The death drake breathes miasma at you.
The foul vapour engulfs Henutemipet.
Henutemipet completely resists.
You are engulfed in dark miasma.
You are poisoned.
You feel extremely sick.
Henutemipet hits the death drake with a +0 broad axe of flaming!
Henutemipet burns the death drake.
Henutemipet hits the ghoul with a +0 broad axe of flaming.
Henutemipet burns the ghoul.
The ghoul claws Henutemipet.
Henutemipet is destroyed!
You feel very sick. The death drake breathes miasma at you.
The foul vapour misses you.
You enter the shallow water.
Moving in this stuff is going to be slow.
You are engulfed in dark miasma.
You feel yourself slow down.
* * * LOW HITPOINT WARNING * * *
You feel sick.
You see here a ghoul corpse.
Unknown command.
You are engulfed in dark miasma.
You die...

..~ .~°♣♣♣
~~~°°♣♣
§°°○n.♣♣ ~
.~♣♣°†~♣..
♣♣n°~~~
♣k°°~~§.
♣°°°~~.~
♣@°°~~.~..~
♣.~~~~....~
♣..~~~~.~.~~~
♣♣♣.~^.~♣....
♣♣♣..§~÷♣.~.♣♣
♣.~.~~...~~~.♣
♣.~~~§..♣.~~~..
♣♣~§÷.~..~...[♣
~~~~...~~.~~~♣


You could see a ghoul and a death drake (catching breath).

Vanquished Creatures
  A thorn hunter (Swamp:3)
  A ghoul (Swamp:3)
  A reaper (IceCv)
  2 eleionomae
  4 dire elephants (Lair:5)
  A bunyip (Swamp:2)
  An ettin (Orc:1)
  Erolcha (Orc:2)
  Fannar (Lair:2)
  Harold (Lair:2)
  10 hydras
  2 centaur warriors (D:13)
  A ghost crab (Swamp:3)
  6 two-headed ogres
  2 alligators
  3 boulder beetles
  10 death yaks
  2 orc high priests
  A tengu warrior (D:13)
  Urug (Orc:2)
  A spectral dire elephant (Lair:5)
  A spectral death yak (Lair:5)
  A goliath frog (Swamp:4)
  Lodul (D:10)
  A swamp dragon (Swamp:1)
  A spectral anaconda (Lair:5)
  3 spriggan druids
  An obsidian statue (Lair:5)
  5 orc knights
  5 bog bodies
  4 necromancers (Lair:5)
  An oklob plant (Lair:5)
  3 ugly things
  A will-o-the-wisp (Swamp:1)
  4 cyclopes
  Maurice (D:13)
  2 dire elephant zombies (Lair:5)
  9 elephants
  A torpor snail (Lair:1)
  5 cane toads
  5 komodo dragons
  3 rime drakes
  A freezing wraith (IceCv)
  An unseen horror (D:7)
  2 anaconda simulacra (IceCv)
  4 ice devils (IceCv)
  A queen bee (D:11)
  4 trolls
  3 hornets
  5 tyrant leeches
  2 dream sheep (D:9)
  A spectral elephant (Lair:5)
  14 blink frogs
  4 slime creatures
  A slime creature (shapeshifter) (D:13)
  3 culicivoras (Lair:2)
  3 spriggans (Swamp:3)
  7 wyverns
  A shadow (D:12)
  20 yaks
  3 dire elephant simulacra (IceCv)
  4 fire elementals (Orc:2)
  A vampire (D:11)
  7 basilisks
  A golden eye (shapeshifter) (D:13)
  3 redbacks (Lair:2)
  3 vampire mosquitoes
  2 wargs (Orc:2)
  2 spectral cane toads (Lair:5)
  5 harpy simulacra (IceCv)
  14 swamp worms
  2 hell hounds (Orc:2)
  2 acid dragons
  9 water moccasins
  Pargi (Sewer)
  2 black bears
  17 orc warriors
  3 ice beasts
  5 ogres
  3 wolves (Lair:3)
  4 centaurs
  A phantom (D:5)
  12 bullfrogs
  8 kobold brigands
  2 cane toad simulacra (Lair:5)
  2 gnoll sergeants
  5 scorpions
  6 wights
  3 elephant simulacra
  20 killer bees
  An electric eel (D:8)
  2 howler monkeys
  2 quasits (D:8)
  4 hounds
  3 jellies
  4 gnoll boudas
  15 orc priests
  2 sleepcaps (D:5)
  5 iguanas
  Jessica (D:2)
  18 orc wizards
  14 hell rats
  22 gnolls
  7 adders
  An ufetubus (D:8)
  A worm (D:5)
  A dart slug (D:1)
  61 orcs
  8 endoplasms
  3 giant cockroaches
  3 goblins
  3 hobgoblins
  35 kobolds
  A quokka (D:6)
  7 ball pythons
  3 bats
  11 frilled lizards
  6 rats
584 creatures vanquished.

Vanquished Creatures (collateral kills)
  Gastronok (D:8)
  A ghoul (Swamp:4)
  2 orc warlords
  An ironbound preserver (D:13)
  Azrael (Orc:2)
  2 dire elephants
  A bunyip (Swamp:2)
  A shambling mangrove (Swamp:1)
  4 hydras
  2 ghost crabs
  4 alligators
  A death yak (Lair:3)
  A spriggan (Swamp:2)
  A skyshark (Lair:5)
  4 goliath frogs
  A bog body (Swamp:4)
  A swamp dragon (Swamp:3)
  An orc knight (Bailey)
  A golden dragon skeleton (D:15)
  An oklob plant (Lair:5)
  2 ugly things (D:13)
  3 orc sorcerers
  A cyclops (D:12)
  6 elephants
  A frost giant skeleton (D:15)
  3 black mambas
  4 cane toads
  An unseen horror (D:11)
  A kobold demonologist (D:12)
  An ice devil (IceCv)
  5 komodo dragons
  4 trolls
  A hornet (Swamp:2)
  5 tyrant leeches
  A blink frog (Lair:4)
  A spriggan zombie (D:15)
  A shadow (D:10)
  A vampire (D:10)
  A wraith (D:13)
  13 yaks
  A wyvern (Lair:1)
  A basilisk (Lair:5)
  A vampire mosquito (Swamp:2)
  A steam dragon (Lair:2)
  4 swamp worms
  A warg (Orc:2)
  4 water moccasins
  A hell hound (Orc:2)
  2 black bears
  11 orc warriors
  A swamp drake (Swamp:1)
  4 ogres (D:10)
  An elephant zombie (Lair:5)
  An elephant skeleton (Lair:5)
  2 bullfrogs
  4 kobold brigands
  A two-headed ogre simulacrum (IceCv)
  A gnoll sergeant (D:9)
  A necrophage (Swamp:4)
  4 wights (D:9)
  9 killer bees
  An electric eel (Lair:3)
  A gnoll bouda (D:9)
  3 orc priests
  3 iguanas (Lair:1)
  8 orc wizards
  4 hell rats
  A spriggan simulacrum (IceCv)
  7 gnolls
  A shadow imp (D:8)
  A white imp (IceCv)
  12 orcs
  5 kobolds
191 creatures vanquished.

Vanquished Creatures (others)
  A spriggan druid (Swamp:3)
  2 bloated husks
  6 ancestors
  29 knights
  2 foxfires (Swamp:1)
40 creatures vanquished.

Grand Total: 815 creatures vanquished

Notes
Turn   | Place    | Note
-------+----------+-------------------------------------------
     0 | D:1      | Newt the Kobold Hunter began the quest for the Orb.
     0 | D:1      | Reached XP level 1. HP: 12/12 MP: 1/1
   350 | D:1      | Found a faded altar of an unknown god.
   368 | D:1      | Reached XP level 2. HP: 18/18 MP: 2/2
  1271 | D:2      | Noticed Jessica
  1275 | D:2      | Killed Jessica
  1276 | D:2      | Reached XP level 3. HP: 24/24 MP: 3/3
  1513 | D:3      | Reached XP level 4. HP: 30/30 MP: 4/4
  2160 | D:3      | Found a burning altar of Makhleb.
  2172 | D:3      | Found a sparkling altar of Nemelex Xobeh.
  2203 | D:3      | Reached skill level 5 in Fighting
  2306 | D:3      | Reached skill level 6 in Ranged Weapons
  2306 | D:3      | Reached XP level 5. HP: 35/35 MP: 5/5
  3125 | D:4      | Reached skill level 7 in Ranged Weapons
  3125 | D:4      | Reached XP level 6. HP: 40/40 MP: 6/6
  3354 | D:5      | Entered Level 5 of the Dungeon
  3413 | D:5      | Reached skill level 8 in Ranged Weapons
  3429 | D:5      | Reached XP level 7. HP: 31/44 MP: 7/7
  3578 | D:5      | Reached skill level 9 in Ranged Weapons
  3800 | D:5      | Reached skill level 10 in Ranged Weapons
  4098 | D:5      | Reached skill level 5 in Dodging
  4098 | D:5      | Reached XP level 8. HP: 43/49 MP: 8/8
  4664 | D:6      | Found a glowing drain.
  4668 | Sewer    | Entered a sewer
  4692 | Sewer    | Noticed Pargi
  4702 | Sewer    | Killed Pargi
  4703 | Sewer    | Reached skill level 1 in Evocations
  4931 | D:6      | Found a shimmering blue altar of Sif Muna.
  5174 | D:6      | Reached XP level 9. HP: 57/57 MP: 9/9
  5201 | D:6      | Reached skill level 5 in Evocations
  5234 | D:6      | Found a staircase to the Ecumenical Temple.
  5262 | Temple   | Entered the Ecumenical Temple
  5413 | Temple   | Became a worshipper of Hepliaklqana the Forgotten
  6048 | D:7      | Found a shimmering altar of Xom.
  6051 | D:7      | Found a broken altar of Ashenzari.
  6061 | D:7      | Reached skill level 11 in Ranged Weapons
  6164 | D:7      | Killed an unseen horror
  6165 | D:7      | Reached skill level 12 in Ranged Weapons
  6435 | D:7      | Reached * piety under Hepliaklqana
  6623 | D:7      | Reached XP level 10. HP: 56/56 MP: 10/10
  6745 | D:8      | Reached skill level 13 in Ranged Weapons
  6794 | D:8      | Reached skill level 14 in Ranged Weapons
  6795 | D:8      | Reached skill level 1 in Armour
  7012 | D:8      | Found a staircase to the Lair.
  7251 | D:8      | Reached skill level 15 in Ranged Weapons
  7501 | D:8      | Noticed Gastronok
  7527 | D:8      | HP: 1/56 [Gastronok/the air (28)]
  7732 | D:8      | Killed Gastronok
  7733 | D:8      | Reached skill level 16 in Ranged Weapons
  7733 | D:8      | Reached XP level 11. HP: 58/60 MP: 11/11
  7943 | D:8      | Found Hegh's Magic Scroll Shop.
  7950 | D:8      | Bought a scroll of identify for 22 gold pieces
  7950 | D:8      | Bought a scroll of enchant weapon for 82 gold pieces
  7950 | D:8      | Bought a scroll of identify for 22 gold pieces
  7950 | D:8      | Bought a scroll of identify for 22 gold pieces
  8010 | Lair:1   | Entered Level 1 of the Lair of Beasts
  8886 | Lair:1   | Reached ** piety under Hepliaklqana
  8887 | Lair:1   | Remembered your ancestor Henutemipet as a knight
 10042 | Lair:2   | Reached skill level 5 in Armour
 10065 | Lair:2   | Reached XP level 12. HP: 58/68 MP: 12/12
 10336 | Lair:2   | Found a staircase to the Swamp.
 10440 | Lair:2   | Noticed Harold
 10446 | Lair:2   | Noticed an eight-headed hydra
 10452 | Lair:2   | Killed Harold
 10456 | Lair:2   | Killed an eight-headed hydra
 10606 | Lair:2   | Noticed a death yak
 10606 | Lair:2   | Noticed a death yak
 10606 | Lair:2   | Noticed a death yak
 10606 | Lair:2   | Noticed a death yak
 10607 | Lair:2   | Noticed a death yak
 10632 | Lair:2   | Killed a death yak
 10633 | Lair:2   | Reached skill level 10 in Fighting
 10952 | Lair:2   | Noticed a death yak
 10970 | Lair:2   | Killed a death yak
 10971 | Lair:2   | Killed a death yak
 11218 | Lair:2   | Killed a death yak
 11238 | Lair:2   | Killed a death yak
 11265 | Lair:2   | Killed a death yak
 11458 | Lair:2   | Noticed Fannar
 11483 | Lair:2   | Killed Fannar
 11789 | Lair:2   | Noticed a boulder beetle
 11852 | Lair:2   | Killed a boulder beetle
 11853 | Lair:2   | Reached XP level 13. HP: 77/77 MP: 13/13
 11943 | Lair:2   | Reached *** piety under Hepliaklqana
 12007 | Lair:2   | Found a hole to the Spider Nest.
 12377 | Lair:3   | Reached skill level 10 in Dodging
 12381 | Lair:3   | Reached skill level 1 in Invocations
 12475 | Lair:3   | Found a frozen archway.
 12481 | IceCv    | Entered an ice cave
 12848 | IceCv    | Reached skill level 5 in Invocations
 13210 | IceCv    | Noticed a reaper
 13230 | IceCv    | Killed a reaper
 14702 | Lair:3   | Reached skill level 17 in Ranged Weapons
 15281 | Lair:4   | Reached skill level 18 in Ranged Weapons
 15283 | Lair:4   | Reached XP level 14. HP: 72/82 MP: 19/19
 15547 | Lair:4   | Reached skill level 19 in Ranged Weapons
 16339 | Lair:5   | Entered Level 5 of the Lair of Beasts
 16588 | Lair:5   | Reached **** piety under Hepliaklqana
 16609 | Lair:5   | Reached skill level 20 in Ranged Weapons
 16692 | Lair:5   | Found a staircase to the Slime Pits.
 16712 | Lair:5   | Found a viscous altar of Jiyva.
 16964 | Lair:5   | Noticed a dire elephant
 17002 | Lair:4   | Killed a dire elephant
 17380 | Lair:5   | Noticed a dire elephant
 17765 | Lair:5   | Noticed a dire elephant
 17765 | Lair:5   | Noticed a dire elephant
 17771 | Lair:5   | Noticed a dire elephant
 17784 | Lair:5   | Noticed a dire elephant
 17790 | Lair:5   | HP: 4/82 [dire elephant (31)]
 17797 | Lair:5   | Killed a dire elephant
 18534 | Lair:5   | Identified the ring "Hocker" {rN+ Will+ Int-5 Dex+2}
 18826 | Lair:5   | Killed a dire elephant
 18827 | Lair:5   | Reached XP level 15. HP: 15/86 MP: 20/20
 20285 | D:9      | Gained mutation: You do not regenerate when monsters are
                  | visible. [potion of mutation]
 20286 | D:9      | Lost mutation: You do not regenerate when monsters are
                  | visible. [potion of mutation]
 20286 | D:9      | Gained mutation: You expend magic power (3 MP) to
                  | strengthen your wands. [potion of mutation]
 20743 | D:10     | Entered Level 10 of the Dungeon
 20753 | D:10     | Identified the +0 robe of Action {+Blink rElec rPois Str-3}
 20764 | D:10     | Found a flagged portal.
 20770 | Bailey   | Entered a bailey
 20871 | Bailey   | Reached skill level 5 in Stealth
 21044 | Bailey   | Found a bloodstained altar of Trog.
 21164 | D:10     | Found Otti's Jewellery Shop.
 21210 | D:10     | Noticed Lodul
 21222 | D:10     | Killed Lodul
 21934 | D:10     | Reached skill level 10 in Evocations
 22749 | D:11     | Reached ***** piety under Hepliaklqana
 22986 | D:11     | Identified the +7 trident of Uloz {holy, Str+3}
 23672 | D:12     | Found an opulent altar of Gozag.
 23767 | D:12     | You fall into a shaft and drop 3 floors!
 23767 | D:15     | Entered Level 15 of the Dungeon
 24069 | D:13     | Noticed Maurice
 24109 | D:13     | Found a shimmering altar of Xom.
 24109 | D:13     | Found a shimmering altar of Xom.
 24110 | D:13     | Found a shimmering altar of Xom.
 24111 | D:13     | Found a shimmering altar of Xom.
 24246 | D:13     | Noticed an ironbound preserver
 24277 | D:13     | Killed an ironbound preserver
 24499 | D:13     | Found a gate to the Vaults.
 24762 | D:13     | Killed Maurice
 25126 | D:12     | Reached XP level 16. HP: 52/90 MP: 22/22
 25491 | D:12     | Found a staircase to the Orcish Mines.
 25663 | Orc:1    | Entered Level 1 of the Orcish Mines
 25944 | Orc:1    | Found a transporter.
 26216 | Orc:1    | Found a transporter.
 26360 | Orc:2    | Entered Level 2 of the Orcish Mines
 26366 | Orc:2    | Found Cicimist's Assorted Antiques.
 26376 | Orc:2    | Bought an amber-studded leather armour for 245 gold pieces
 26376 | Orc:2    | Identified the +4 leather armour "Ediam" {Int+2} (You
                  | bought it in a shop on level 2 of the Orcish Mines)
 26376 | Orc:2    | Bought a scroll labelled OCWIKLICHACK for 35 gold pieces
 26376 | Orc:2    | Bought a scroll labelled OTAMEA DEPHADE for 35 gold pieces
 26384 | Orc:2    | Lost mutation: You expend magic power (3 MP) to strengthen
                  | your wands. [potion of mutation]
 26384 | Orc:2    | Gained mutation: You are somewhat resistant to further
                  | mutation. [potion of mutation]
 26384 | Orc:2    | Gained mutation: You have supernaturally acute eyesight.
                  | (SInv) [potion of mutation]
 26404 | Orc:2    | Noticed Urug
 26416 | Orc:2    | Killed Urug
 26505 | Orc:2    | Noticed Erolcha
 26516 | Orc:2    | Killed Erolcha
 26577 | Orc:2    | Found a staircase to the Elven Halls.
 27119 | Orc:2    | Found Kakaocs's Jewellery Emporium.
 27139 | Orc:2    | Found Lophel's Antique Weapon Emporium.
 27193 | Orc:2    | Noticed Azrael
 27491 | Orc:2    | Found Hudir's General Store.
 27496 | Orc:2    | Bought a scroll of teleportation for 51 gold pieces
 27564 | Orc:2    | Found Himper's Antique Armour Emporium.
 27611 | Orc:2    | Killed Azrael
 27768 | Swamp:1  | Entered Level 1 of the Swamp
 27778 | Swamp:1  | Reached skill level 10 in Armour
 28672 | Swamp:2  | Reached skill level 10 in Stealth
 29090 | Swamp:2  | Reached XP level 17. HP: 68/95 MP: 23/23
 29238 | Swamp:3  | Reached skill level 21 in Ranged Weapons
 29483 | Swamp:3  | Noticed a thorn hunter
 29509 | Swamp:3  | Killed a thorn hunter
 30011 | Swamp:3  | Reached ****** piety under Hepliaklqana
 30542 | Swamp:4  | Entered Level 4 of the Swamp
 30854 | Swamp:4  | Reached skill level 22 in Ranged Weapons
 31350 | Swamp:4  | Engulfed by a death drake's foul pestilence

Illustrated notes

Levels and vault maps discovered:
D:1:      heliophobic_arrival_henge, layout_loops_ring,
          dreamdust_ecumenical_altar_angels_and_demons
D:2:      layout_loops_cross, kennysheep_generic_room_13, uniq_jessica
D:3:      layout_basic, mainiacjoe_overflow_large_starburst,
          kennysheep_generic_room_7
D:4:      layout_loops_ring
D:5:      layout_loops_cross, nicolae_figureground_pulse
D:6:      layout_loops_corners, kennysheep_little_box,
          minmay_temple_entry_stoned_glass, gup_sewer_entry_spiral,
          minivault_24, minmay_misc_feat_more_columns
D:7:      layout_loops_ring, jmf_multi_god_temple,
          amcnicky_mini_corridor_feature, kennysheep_crisscross
D:8:      layout_rooms, minmay_lair_entry_grove, serial_demonic,
          serial_demonic_a, serial_demonic_f, serial_demonic_g,
          serial_demonic_e, serial_shops, nicolae_square_shop,
          dreamdust_princess_bridge, uniq_gastronok
D:9:      layout_rooms, dreamdust_gnoll_shepherd
D:10:     layout_basic, serial_shops, nicolae_shop_tiny_glass, enter_bailey_2,
          uniq_lodul
D:11:     layout_layer_cave, special_room [special_room_bee]
D:12:     layout_loops_ring, orc_0_dummy,
          nicolae_gozag_cash_rules_everything_around_me
D:13:     layout_basic, skrybe_vaults_entry_preservation, st_stairs_4,
          xom_redecorated, uniq_maurice
D:14:     layout_irregular_city, serial_co_window_serial, co_window_corner_a,
          co_window_corner_a, co_window_paths_b, co_window_corner_a,
          co_window_corner_a, co_window_broadway_c, co_window_corner_b,
          co_window_unsneaky_path_c, co_window_corner_ca, glass_columns_c,
          glass_columns_a, glass_columns_b, glass_columns_b, glass_columns_a,
          uniq_roxanne
D:15:     gammafunk_depths_entry_grave, layout_layer_cave, minmay_misc_feat_iff,
          item_on_display_b
Temple:   bh_familiar_temple
Lair:1:   beast_lair_carwin_large_3, layout_gridlike
Lair:2:   layout_chaotic_city, minmay_swamp_entry_worms,
          nicolae_spider_entry_tight_spaces, grunt_megastairs_2, uniq_fannar,
          uniq_harold
Lair:3:   layout_gridlike, portal_ice_cave_entry_pillars_2,
          grunt_forest_small_clearing_treed, grunt_megastairs_1
Lair:4:   layout_gridlike, gauntlet_entry_generic
Lair:5:   due_jungle_book, layout_regular_city, minmay_slime_entry_oklob_open
Swamp:1:  layout_basic_swamp, hangedman_swamp_ruin_wall
Swamp:2:  layout_falls_marsh, infiniplex_staircase_pool
Swamp:3:  layout_basic_swamp, nicolae_swamp_dense_foliage, swamp_pool1
Swamp:4:  swamp_basic_johnstein, layout_basic_swamp
Orc:1:    gammafunk_beogh_shrine, layout_diamond_mine
Orc:2:    grunt_orc_cross, layout_caves, serial_shops, nicolae_shop_dealshenge,
          uniq_erolcha, uniq_urug, uniq_azrael

Skill      XL: |  1  2  3  4  5  6  7  8  9 10 11 12 13 14 15 16 17 |
---------------+----------------------------------------------------+-----
Fighting       | 4 5 7 9 12 | 12.0
Ranged Weapons | 6 7 8 10 12 16 18 20 22 | 22.4
Dodging        | 5 7 8 10 13 14 | 14.0
Evocations     | 4 5 9 12 | 12.9
Armour         | 4 5 7 10 | 10.0
Invocations    | 7 9 |  9.0
Stealth        | 6 10 | 10.0

Action                     |  1- 3 |  4- 6 |  7- 9 | 10-12 | 13-15 | 16-18 || total
---------------------------+-------+-------+-------+-------+-------+-------++-------
   Fire: Shortbow          |    50 |   183 |   374 |   729 |  1899 |   901 ||  4136
  Throw: Throwing net      |       |       |       |       |     1 |       ||     1
 Invoke: Ancestor Life: Kn |       |       |       |     1 |       |       ||     1
         Recall Ancestor   |       |       |       |     2 |    12 |     4 ||    18
         Transference      |       |       |       |       |     2 |       ||     2
         Idealise          |       |       |       |       |     2 |     1 ||     3
  Evoke: Wand              |       |       |     2 |     8 |     8 |    17 ||    35
         Phantom mirror    |       |       |       |       |       |     1 ||     1
         Condenser vane    |       |       |       |       |       |     1 ||     1
    Use: Scroll            |     4 |     4 |     5 |     7 |    16 |     4 ||    40
         Potion            |       |     2 |     4 |     4 |     3 |     4 ||    17
 Armour: Leather armour    |     2 |    20 |    50 |    66 |   122 |       ||   260
         Troll leather arm |       |       |       |       |    13 |    22 ||    35
         Swamp dragon scal |       |       |       |       |       |    17 ||    17
  Dodge: Dodged            |     8 |   102 |   172 |   370 |   785 |   398 ||  1835

Table legend: (Time is in decaauts)
 A = Elapsed time spent in this place.
 B = Non-inter-level travel time spent in this place.
 C = Inter-level travel time spent in this place.
 D = Time resting spent in this place.
 E = Time spent auto-exploring this place.
 F = Levels seen in this place.
 G = Mean time per level.
                   A        B        C        D        E       F      G
               +--------+--------+--------+--------+--------+-----+--------+
         Total |  31923 |  30871 |   1052 |   7594 |  17500 |  30 | 1064.1 |
       Dungeon |  13443 |  12879 |    564 |   1161 |   9537 |  15 |  896.2 |
        Temple |    180 |    117 |     63 |      0 |    114 |   1 |  180.0 |
          Lair |  10856 |  10540 |    316 |   3634 |   4865 |   5 | 2171.2 |
         Swamp |   3765 |   3696 |     69 |   1513 |   1552 |   4 |  941.2 |
  Orcish Mines |   2002 |   1965 |     37 |    449 |   1041 |   2 | 1001.0 |
         Sewer |    213 |    213 |      0 |      0 |    167 |   1 |  213.0 |
        Bailey |    313 |    313 |      0 |     87 |    117 |   1 |  313.0 |
      Ice Cave |   1148 |   1148 |      0 |    748 |    104 |   1 | 1148.0 |
               +--------+--------+--------+--------+--------+-----+--------+

Top non-repeatable levels by time:
  Lair:5: 3436 daAuts
  Lair:2: 2348 daAuts
  Lair:1: 1895 daAuts
  Lair:3: 1810 daAuts
 Swamp:3: 1581 daAuts
     D:8: 1453 daAuts
    D:11: 1451 daAuts
  Lair:4: 1365 daAuts
    D:10: 1358 daAuts
     D:6: 1237 daAuts
   IceCv: 1148 daAuts
   Orc:2: 1119 daAuts
     D:3: 1011 daAuts
     D:5: 952 daAuts
    D:13: 934 daAuts
